[Event "*** Titled Tuesday Blitz"]
[Site "Chess.com"]
[Date "2019.08.06"]
[Round "3"]
[White "sergoy"]
[Black "Blazinq"]
[Result "1-0"]
[WhiteElo "2851"]
[BlackElo "2603"]
[TimeControl "180+2"]
[EndTime "13:35:02 PDT"]
[Termination "sergoy won by resignation"]

1. d4 d5 2. c4 e6 3. Nf3 Nf6 4.
Nc3 c6 5. Bg5 h6 6. Bh4 g5 7.
Bg3 dxc4 8. e4 b5 9. h4 g4 10.
Ne5 h5 11. Be2 Bb7 12. f3 gxf3 13. Bxf3 Nbd7 14. O-O Qb6 15. Nxf7 Kxf7 16. e5 Bg7 17. Kh1 Ke7 18. exf6+ Bxf6 19. Qe2 Rag8 20. Bh2 Qxd4 21. Rad1 Qxh4 22. Ne4 Be5 23. Rxd7+ Kxd7 24. Nc5+ Kc7 25. Qxe5+ Kb6 26. Nd7+ Ka6 27. Qc7 Qg5 28. b4 cxb3 29.
axb3 b4 30. Ra1+ 1-0

[Event "*** Titled Tuesday Blitz"]
[Site "Chess.com"]
[Date "2019.08.06"]
[Round "3"]
[White "norwaytoadog"]
[Black "MFBerna"]
[Result "0-1"]
[WhiteElo "2243"]
[BlackElo "2388"]
[TimeControl "180+2"]
[EndTime "13:35:10 PDT"]
[Termination "MFBerna won by resignation"]

1. e4 c6 2. d4 d5 3. e5 c5 4.
dxc5 e6 5. a3 Bxc5 6. b4 Bb6 7.
Nf3 Nc6 8. Bb2 Nge7 9. Bd3 Ng6 10.
O-O Nf4 11. Bb5 O-O 12. Re1 Ne7 13. Bd4 Nf5 14. Bxb6 Qxb6 15. Bd3 Nxd3 16. cxd3 Bd7 17. d4 Rac8 18. Qd2 Rc4 19. Rd1 Ba4 20. Re1 Rfc8 21. h4 Nxd4 22. Nxd4 Rxd4 23. Qg5 h6 24. Qh5 Rc2 25. Rf1 Rf4 26. Kh2 Qd4 27. Qd1 Qxa1 0-1

[Event "*** Titled Tuesday Blitz"]
[Site "Chess.com"]
[Date "2019.08.06"]
[Round "3"]
[White "GMHess"]
[Black "vugarrasulov"]
[Result "0-1"]
[WhiteElo "2786"]
[BlackElo "2834"]
[TimeControl "180+2"]
[EndTime "13:35:14 PDT"]
[Termination "vugarrasulov won on time"]

1. d4 Nf6 2. c4 e6 3. Nc3 d5 4. Nf3 a6 5. c5 b6 6. cxb6 cxb6 7. Bg5 Be7 8. e3 O-O 9. Bd3 h6 10. Bf4 b5 11. O-O Nc6 12. Rc1 Bd7 13. Ne5 Rc8 14.
Bb1 Na5 15. Qd3 Nc4 16. Ng4 Ne4 17. Nxe4 dxe4 18. Qxe4 f5 19. Qd3 Nxb2 20. Qe2 Nc4 21. Ne5 Nxe5 22. Bxe5 Bf6 23. Bd6 Be7 24. Bg3 Bc6 25.
Rfd1 Bd5 26. Be5 Qd7 27. e4 fxe4 28. Bxe4 Bf6 29. Rxc8 Qxc8 30. Bb1 Bxe5 31. Qxe5 Rf6 32. Qg3 Qc6 33. h3 Be4 34. Bxe4 Qxe4 35. Qb8+ Rf8 36.
Qg3 b4 37. Qb3 a5 38. Rf1 Kh8 39. Qa4 Qd5 0-1

[Event "*** Titled Tuesday Blitz"]
[Site "Chess.com"]
[Date "2019.08.06"]
[Round "3"]
[White "Olga_Girya"]
[Black "Padenie_Zvezd"]
[Result "0-1"]
[WhiteElo "2500"]
[BlackElo "2808"]
[TimeControl "180+2"]
[EndTime "13:35:18 PDT"]
[Termination "Padenie_Zvezd won by resignation"]

1. d4 d5 2. c4 dxc4 3. e3 Be6 4.
Nf3 c6 5. Nc3 b5 6. Be2 Nf6 7.
O-O g6 8. Ne5 Bg7 9. Bf3 Nd5 10.
e4 Nxc3 11. bxc3 Bxe5 12. dxe5 Qxd1 13. Rxd1 Nd7 14. Bf4 Nc5 15. Be2 Nxe4 16. Bf3 Bd5 17. Bxe4 Bxe4 18. Rd4 Bd5 19. Bh6 O-O-O 20. a4 c5 21.
Rdd1 b4 22. Be3 b3 23. f3 Be6 24. Bxc5 Bf5 25. Ba3 Bc2 26. Rxd8+ Rxd8 27. Rf1 a5 28.
Re1 Rd3 29. Bb2 Kd7 30. Kf2 Ke6 31. f4 Kf5 32. g3 h5 33. Re3 Rd5 34. Bc1 h4 35. gxh4 Rd1 36. Re1 Rxc1 37. Rxc1 b2 0-1

[Event "*** Titled Tuesday Blitz"]
[Site "Chess.com"]
[Date "2019.08.06"]
[Round "3"]
[White "VladimirBelous"]
[Black "area_5"]
[Result "1-0"]
[WhiteElo "2804"]
[BlackElo "2580"]
[TimeControl "180+2"]
[EndTime "13:35:21 PDT"]
[Termination "VladimirBelous won by resignation"]

1. c4 Nf6 2. Nc3 e6 3. d4 Bb4 4. f3 d5 5. a3 Bxc3+ 6. bxc3 O-O 7. cxd5 exd5 8. e3 c5 9. Bd3 Re8 10. Ne2 b6 11. O-O Ba6 12. Ng3 Bxd3 13. Qxd3 Nc6 14.
Ra2 Qd7 15. Re2 b5 16. Nf5 c4 17. Qc2 a5 18. e4 dxe4 19. fxe4 b4 20. e5 Nd5 21. cxb4 axb4 22. Qxc4 bxa3 23. Nd6 Nb6 24. Qa2 Nb4 25. Qb3 a2 26. Bb2 N6d5 27. Nxe8 Qxe8 28.
Ba3 Qb5 29. Rxa2 Ne3 30. Qxf7+ 1-0

[Event "*** Titled Tuesday Blitz"]
[Site "Chess.com"]
[Date "2019.08.06"]
[Round "3"]
[White "Alexander_Donchenko"]
[Black "RegZryt"]
[Result "0-1"]
[WhiteElo "2673"]
[BlackElo "2594"]
[TimeControl "180+2"]
[EndTime "13:35:21 PDT"]
[Termination "RegZryt won by resignation"]

1. c4 e6 2. g3 d5 3. Bg2 Nf6 4. Nf3 Be7 5. O-O O-O 6. d4 dxc4 7. Qc2 b6 8. Ne5 Qxd4 9. Bxa8 Qxe5 10. Bf3 Nd5 11. Na3 Bxa3 12. e4 Nb4 13. Qa4 Bxb2 14. Bxb2 Qxb2 15. Rab1 Qc3 16. Bg2 Nd3 17. Qxa7 Na6 18. a4 Qa5 19. Ra1 c3 20. Rfd1 Nab4 21. Qxc7 c2 22. Rd2 Qc5 23. Qxc5 bxc5 0-1

[Event "*** Titled Tuesday Blitz"]
[Site "Chess.com"]
[Date "2019.08.06"]
[Round "3"]
[White "gena217"]
[Black "IakovUlivar"]
[Result "1-0"]
[WhiteElo "2922"]
[BlackElo "2510"]
[TimeControl "180+2"]
[EndTime "13:35:25 PDT"]
[Termination "gena217 won by resignation"]

1. Nh3 e5 2. g3 d5 3. f3 Nf6 4. Nf2 Bc5 5. Bg2 O-O 6. O-O Nc6 7. e3 Re8 8. d3 Ne7 9. c3 Nf5 10. d4 exd4 11. exd4 Bd6 12. Re1 h6 13. Nd2 Ne3 14. Rxe3 Rxe3 15. Nde4 dxe4 16. Bxe3 Nd5 17. Bc1 exf3 18.
Qxf3 c6 19. c4 Nf6 20. Bd2 Be6 21. b3 Bc5 22. Be3 Bb4 23. Rd1 Qe7 24. h3 Re8 25.
Bf4 Bc8 26. Nd3 Bd6 27. Ne5 c5 28. Nd3 cxd4 29. Re1 Qd8 30. Rxe8+ Nxe8 31. Qd5 Qf6 32. Ne5 Nc7 33. Qxd4 Qe7 34. Nc6 Qe1+ 35. Kh2 Bxf4 36. Qxf4 Ne6 37. Ne7+ Kf8 38. Qd6 Ke8 39. Nxc8 1-0

[Event "*** Titled Tuesday Blitz"]
[Site "Chess.com"]
[Date "2019.08.06"]
[Round "3"]
[White "vlad_Sid"]
[Black "rasmussvane"]
[Result "1/2-1/2"]
[WhiteElo "2565"]
[BlackElo "2814"]
[TimeControl "180+2"]
[EndTime "13:35:29 PDT"]
[Termination "Game drawn by repetition"]

1. c4 b6 2. g3 Bb7 3. Nf3 Bxf3 4. exf3 e6 5. d4 Bb4+ 6. Nc3 c5 7. Be3 Ne7 8. Bg2 cxd4 9. Bxd4 O-O 10. O-O Nbc6 11.
Be3 Bxc3 12. bxc3 Rc8 13. c5 Nd5 14. Qd2 Na5 15. cxb6 Nc4 16. Qd4 Ncxe3 17. fxe3 Qxb6 18. Qxb6 axb6 19. Rab1 Nxe3 20. Rfc1 Rc6 21. a4 Rfc8 22.
Kf2 Nxg2 23. Kxg2 g6 24. Rb4 d5 25. h4 Rxc3 26. Rxc3 Rxc3 27. Rxb6 Ra3 28. Ra6 Kg7 29. Ra7 Kf6 30. g4 h6 31. Kg3 Ra2 32. Kf4 g5+ 33.
hxg5+ hxg5+ 34. Ke3 Ra3+ 35. Kf2 d4 36. a5 e5 37. a6 Ra2+ 38. Ke1 Kg6 39. Ra8 Kf6 40.
a7 d3 41. Kd1 Kg7 42. Ke1 f6 43. Kd1 Kh7 44. Ke1 Kg7 45. Kd1 Kh7 46. Ke1 Kg7 1/2-1/2

[Event "*** Titled Tuesday Blitz"]
[Site "Chess.com"]
[Date "2019.08.06"]
[Round "3"]
[White "icychess54"]
[Black "novocane"]
[Result "1-0"]
[WhiteElo "2092"]
[BlackElo "2184"]
[TimeControl "180+2"]
[EndTime "13:35:37 PDT"]
[Termination "icychess54 won by resignation"]

1. c4 e5 2. Nc3 Bb4 3. Qc2 Nc6 4. Nf3 Nf6 5. e3 O-O 6. Be2 Re8 7. O-O d5 8. cxd5 Nxd5 9. a3 Bf8 10. b4 e4 11.
Nxe4 Bxb4 12. axb4 Ndxb4 13. Qb1 Bf5 14. d3 Qe7 15.
Nfd2 Rad8 16. Ba3 a5 17. Bxb4 axb4 18. Qb3 Rd7 19. Ng3 Be6 20. Qb2 Red8 21. d4 Qh4 22.
Bf3 Bd5 23. Bxd5 Rxd5 24. Nf3 Qf6 25. Ne4 Qh6 26. Nc5 b6 27. Na6 Rf5 28. Qe2 Rd6 29. Nxc7 Na5 30. Qa6 g6 31. Qc8+ Kg7 32. Ne8+ 1-0

[Event "*** Titled Tuesday Blitz"]
[Site "Chess.com"]
[Date "2019.08.06"]
[Round "3"]
[White "Oleg_Papayan"]
[Black "capatl"]
[Result "1-0"]
[WhiteElo "2538"]
[BlackElo "2527"]
[TimeControl "180+2"]
[EndTime "13:35:38 PDT"]
[Termination "Oleg_Papayan won by resignation"]

1. e4 c5 2. c3 d5 3. Bb5+ Bd7 4. Qe2 dxe4 5. Bxd7+ Qxd7 6. Qxe4 Nf6 7. Qe2 Nc6 8. Nf3 e6 9. O-O Rd8 10. d4 cxd4 11. cxd4 Nxd4 12. Nxd4 Qxd4 13. Be3 Qd3 14. Qxd3 Rxd3 15. Bxa7 Nd5 16. Nc3 Nxc3 17. bxc3 Rxc3 18. Rab1 Rc7 19. Bb8 Rd7 20. Rfc1 Be7 21. Rc7 Rxc7 22.
Bxc7 Kd7 23. Be5 Kc6 24. Bxg7 Ra8 25. Rb2 Rd8 26. g3 Rd1+ 27. Kg2 Rd5 28. h4 Bc5 29. f4 b6 30. Be5 Rd3 31. h5 Rd5 32. g4 Bd4 33. Rc2+ Kb7 34. Rc7+ Kb8 35. Rxf7+ Bxe5 36.
fxe5 Rxe5 37. Rxh7 Re2+ 38. Kg3 Rxa2 39. h6 Ra1 40. Rg7 Rh1 41. h7 b5 42. Rg8+ Kc7 43.
h8=Q 1-0

[Event "*** Titled Tuesday Blitz"]
[Site "Chess.com"]
[Date "2019.08.06"]
[Round "3"]
[White "catalin009"]
[Black "KuzubovYuriy"]
[Result "0-1"]
[WhiteElo "2632"]
[BlackElo "2628"]
[TimeControl "180+2"]
[EndTime "13:35:40 PDT"]
[Termination "KuzubovYuriy won by resignation"]

1. Nf3 d5 2. g3 c5 3. Bg2 g6 4. O-O Bg7 5. d4 cxd4 6. Nxd4 e5 7. Nb3 Ne7 8. c4 d4 9. f4 Nbc6 10. Nc5 O-O 11. Nd3 Be6 12. b3 Nf5 13. Na3 Qe7 14. Nc2 Rfe8 15. Ba3 Qc7 16. Qe1 Rad8 17. g4 Nfe7 18. Qh4 f5 19. h3 e4 20. Nc5 Bc8 21.
Rad1 b6 22. Na4 Be6 23. Kh1 Kh8 24. Qf2 fxg4 25. hxg4 Bxg4 26. Bxe4 Nf5 27. Bd5 Nce7 28. Bg2 Ng8 29. Nb2 Rxe2 0-1

[Event "*** Titled Tuesday Blitz"]
[Site "Chess.com"]
[Date "2019.08.06"]
[Round "3"]
[White "IMDT02"]
[Black "NoGalloNoParty"]
[Result "1-0"]
[WhiteElo "2536"]
[BlackElo "2317"]
[TimeControl "180+2"]
[EndTime "13:35:41 PDT"]
[Termination "IMDT02 won by resignation"]

1. d4 Nf6 2. Bf4 g6 3. e3 Bg7 4. Nf3 O-O 5. h3 c5 6. c3 d6 7.
Be2 b6 8. O-O Bb7 9. Nbd2 Nbd7 10. Bh2 a6 11. a4 Ra7 12. Qb3 Qa8 13. Rfe1 Ne4 14. Nxe4 Bxe4 15. Red1 cxd4 16. exd4 Rc7 17. Ne1 Qb7 18. Bf3 Nf6 19. Bxe4 Nxe4 20. Nd3 Rcc8 21.
Re1 d5 22. Re2 Rfd8 23. f3 Nd6 24. a5 bxa5 25. Qxb7 Nxb7 26. Rxe7 Nd6 27. Rxa5 Nc4 28. Rxa6 Re8 29. Raa7 Rxe7 30. Rxe7 Rb8 31. Bxb8 1-0

[Event "*** Titled Tuesday Blitz"]
[Site "Chess.com"]
[Date "2019.08.06"]
[Round "3"]
[White "gmjoey1"]
[Black "Manukyan_Artak"]
[Result "1/2-1/2"]
[WhiteElo "2557"]
[BlackElo "2383"]
[TimeControl "180+2"]
[EndTime "13:35:42 PDT"]
[Termination "Game drawn - insufficient material"]

1. e4 c6 2. Nf3 d5 3. Nc3 Bg4 4. h3 Bxf3 5. Qxf3 Nf6 6. d3 e5 7. Bg5 Bb4 8. O-O-O Bxc3 9. bxc3 Nbd7 10. g4 Qa5 11.
Kb2 Nc5 12. Bd2 Na4+ 13. Ka1 Nxc3 14. Bxc3 Qxc3+ 15. Kb1 dxe4 16. Qe3 O-O-O 17. Qxa7 Rd4 18. a3 Rhd8 19. Be2 exd3 20. Rxd3 Rxd3 21. Bxd3 e4 22. Be2 Rd2 23. Bd1 Nd5 24. g5 Kc7 25. Qa4 Qd4 26. Qxd4 Rxd4 27. Kb2 Rd2 28. Re1 f5 29. gxf6 Nxf6 30.
f3 exf3 31. Bxf3 Rh2 32. Re7+ Kb6 33. Rxg7 Rxh3 34. Be2 Nd5 35. Bc4 Ne3 36. Bd3 Rh2 37. Rxh7 Rxh7 38. Bxh7 Ka5 39. Kb3 b5 40. Kc3 c5 41. Bg8 Nd1+ 42. Kb3 Ne3 43. Be6 Ng2 44. c4 Nf4 45. Bf7 bxc4+ 46. Kxc4 Kb6 47. a4 Ne2 48. a5+ Kxa5 49. Kxc5 1/2-1/2

[Event "*** Titled Tuesday Blitz"]
[Site "Chess.com"]
[Date "2019.08.06"]
[Round "3"]
[White "Kawhi_Leonard2"]
[Black "Jbd735"]
[Result "0-1"]
[WhiteElo "2317"]
[BlackElo "2425"]
[TimeControl "180+2"]
[EndTime "13:35:44 PDT"]
[Termination "Jbd735 won by resignation"]

1. e4 e5 2. Nf3 Nc6 3. Bb5 a6 4. Bxc6 dxc6 5. O-O f6 6. d4 exd4 7. Nxd4 c5 8. Ne2 Qxd1 9. Rxd1 Bd7 10. Nbc3 O-O-O 11. f3 Ne7 12. Bf4 f5 13. Ng3 fxe4 14. Ngxe4 Nf5 15. Ng5 Re8 16. Nd5 Nd4 17. Rxd4 cxd4 18.
Nxc7 Re2 19. Nf7 Rg8 20. Nd5 Bc5 21. b4 Be6 22. bxc5 Bxd5 23. Nd6+ Kd7 24. Rd1 Rxc2 25. Rxd4 Kc6 26. Rb4 Kxc5 27. Rb1 Rd8 28. Nf5 Bxa2 29.
Be3+ Kc4 30. Ra1 g6 31. Ng3 Rd3 32. Bf2 Rb3 33. Ne4 Rb1+ 34. Rxb1 Bxb1 35. h4 Rc1+ 36. Kh2 Bxe4 0-1

[Event "*** Titled Tuesday Blitz"]
[Site "Chess.com"]
[Date "2019.08.06"]
[Round "3"]
[White "julinha97"]
[Black "saraswathii"]
[Result "0-1"]
[WhiteElo "2219"]
[BlackElo "2344"]
[TimeControl "180+2"]
[EndTime "13:35:48 PDT"]
[Termination "saraswathii won by checkmate"]

1. e4 c5 2. Nf3 e6 3. d4 cxd4 4. Nxd4 Nf6 5. Nc3 Nc6 6. a3 d5 7.
exd5 exd5 8. Be2 Be6 9. O-O Bd6 10. h3 O-O 11. Bg5 h6 12. Bh4 g5 13. Bg3 Bxg3 14.
fxg3 Qb6 15. Rxf6 Kg7 16. Rf2 Qxd4 17. Qxd4+ Nxd4 18. Bd3 Rac8 19. Re1 Rfd8 20. g4 a6 21. a4 Rc5 22. Ne2 Nxc2 23. Bxc2 Rxc2 24. Nd4 Rxf2 25.
Kxf2 Kf6 26. Ke3 Rc8 27. Kd3 Re8 28. Rc1 Re7 29. Rf1+ Ke5 30. Re1+ Kd6 31. Rf1 Rc7 32. Rf6 Rc1 33. Rxh6 Rg1 34. Nf5+ Ke5 35. Ne3 d4 36.
Nc4+ Bxc4+ 37. Kxc4 Rxg2 38. b4 Rg3 39. Rh5 Rc3# 0-1

[Event "*** Titled Tuesday Blitz"]
[Site "Chess.com"]
[Date "2019.08.06"]
[Round "3"]
[White "HanSchut"]
[Black "JSMastropiero"]
[Result "0-1"]
[WhiteElo "2209"]
[BlackElo "2326"]
[TimeControl "180+2"]
[EndTime "13:35:48 PDT"]
[Termination "JSMastropiero won by resignation"]

1. e4 e6 2. d4 d5 3. Nd2 a6 4. Bd3 c5 5. dxc5 Bxc5 6. Ngf3 Nc6 7. O-O Nge7 8. Qe2 O-O 9. c3 Ng6 10. Nb3 Bd6 11. Nbd4 Nf4 12. Bxf4 Bxf4 13. e5 Qc7 14. Rfe1 Bd7 15. g3 Bh6 16. Rad1 Nxd4 17. Nxd4 g6 18. h4 f6 19. exf6 Rxf6 20. f4 Raf8 21. Nf3 Bxf4 22. gxf4 Qxf4 23. Ne5 Qxh4 24. Qh2 Qxh2+ 25.
Kxh2 Rf2+ 26. Kg1 Bc8 27. Re2 R2f5 28. Ree1 Rg5+ 29. Kh2 Rf2+ 30. Kh1 Rxb2 31. Re2 Rxe2 32. Bxe2 Rxe5 0-1

[Event "*** Titled Tuesday Blitz"]
[Site "Chess.com"]
[Date "2019.08.06"]
[Round "3"]
[White "NemtsevIgor"]
[Black "Irochka83"]
[Result "1-0"]
[WhiteElo "2326"]
[BlackElo "2259"]
[TimeControl "180+2"]
[EndTime "13:35:48 PDT"]
[Termination "NemtsevIgor won by resignation"]

1. d4 c5 2. c3 d5 3. Bf4 Nc6 4. e3 Nf6 5. Nf3 cxd4 6. exd4 Bg4 7. Nbd2 e6 8. Bb5 Nd7 9. Qa4 Qb6 10. Ne5 Ndxe5 11.
Bxe5 a6 12. Bxc6+ Qxc6 13. Qxc6+ bxc6 14. f3 Bf5 15. Ke2 f6 16. Bf4 g5 17. g4 Bg6 18.
Bg3 h5 19. h4 hxg4 20. fxg4 gxh4 21. Bxh4 Be7 22. Bg3 Kd7 23. b4 Bd6 24. Bxd6 Kxd6 25. Nb3 Be4 26. Rxh8 Rxh8 27. Nc5 Rh2+ 28. Ke3 Rh3+ 29.
Kf2 Rxc3 30. Nxa6 Rd3 31. a4 Rxd4 32. a5 e5 33. Nc5 Rxb4 34. a6 Rb8 35. a7 Ra8 36.
Nxe4+ dxe4 37. Ke3 Kc7 38. Kxe4 Kb7 39. Kf5 Rxa7 40.
Rb1+ Ka6 41. Kxf6 c5 42. g5 c4 43. g6 e4 44. Ra1+ 1-0

[Event "*** Titled Tuesday Blitz"]
[Site "Chess.com"]
[Date "2019.08.06"]
[Round "3"]
[White "chito89"]
[Black "Leonid_Starozhilov"]
[Result "1-0"]
[WhiteElo "2835"]
[BlackElo "2713"]
[TimeControl "180+2"]
[EndTime "13:35:49 PDT"]
[Termination "chito89 won by resignation"]

1. e4 g6 2. d4 Bg7 3. Nc3 d6 4. Bg5 Nc6 5. d5 Nd4 6. Qd2 c5 7. h4 h5 8. Nge2 Qb6 9. O-O-O Nxe2+ 10. Bxe2 Nf6 11. f3 Bd7 12. e5 dxe5 13. d6 e6 14. Bxf6 Bxf6 15. Ne4 Bg7 16. Kb1 O-O-O 17. Qc3 Bc6 18. Nxc5 Kb8 19. a4 a5 20. f4 exf4 21.
Qxg7 Qxc5 22. Qxf7 Bxa4 23. b3 Bc6 24. Qxf4 Rhf8 25.
Qg3 e5 26. Qxg6 Rg8 27. Qf6 Bxg2 28. Rhe1 Be4 29. Bc4 Bc6 30. Bxg8 Rxg8 31. d7 1-0

[Event "*** Titled Tuesday Blitz"]
[Site "Chess.com"]
[Date "2019.08.06"]
[Round "3"]
[White "NTBT_DHS"]
[Black "AndrewMaco"]
[Result "1-0"]
[WhiteElo "2669"]
[BlackElo "2592"]
[TimeControl "180+2"]
[EndTime "13:35:49 PDT"]
[Termination "NTBT_DHS won by resignation"]

1. d4 Nf6 2. c4 e6 3. Nf3 d5 4.
g3 Bb4+ 5. Bd2 Bd6 6. Bg2 c6 7. O-O Nbd7 8. c5 Bc7 9. Bc3 Qe7 10. Nbd2 O-O 11. Re1 e5 12. e4 exd4 13. exd5 Qxc5 14.
Bxd4 Qxd5 15. Nb3 Qh5 16. Qc2 Bb6 17. Rad1 Bxd4 18. Rxd4 Nb6 19. Re5 Qg6 20. Qc1 h6 21. Nc5 Nfd5 22. Nh4 Qf6 23. f4 Nd7 24. Bxd5 Nxe5 25.
fxe5 Qxe5 26. Nf3 Qf6 27. Rf4 Qe7 28. Bb3 Bh3 29. Ne4 Be6 30. Qc5 Rae8 31. Qc3 Bxb3 32. axb3 f5 33. Nf2 Qe5 34. Nxe5 1-0

[Event "*** Titled Tuesday Blitz"]
[Site "Chess.com"]
[Date "2019.08.06"]
[Round "3"]
[White "slowdgehammer"]
[Black "Karacsonyi_Gellert"]
[Result "1-0"]
[WhiteElo "2427"]
[BlackElo "2525"]
[TimeControl "180+2"]
[EndTime "13:35:50 PDT"]
[Termination "slowdgehammer won by resignation"]

1. e4 c5 2. Nf3 Nc6 3. Nc3 g6 4. d4 cxd4 5. Nxd4 Bg7 6. Be3 Nf6 7. Bc4 O-O 8. Bb3 Re8 9. O-O d6 10. h3 Bd7 11. f4 a6 12. Qd2 Rc8 13. Rae1 b5 14.
Nxc6 Bxc6 15. Bd4 Nd7 16. Bxg7 Kxg7 17. Kh1 Qb6 18. Nd5 Bxd5 19. exd5 Nf6 20. Re3 Qb7 21.
Rfe1 Rc5 22. Qd4 Kg8 23. f5 Nxd5 24. fxg6 hxg6 25. Rf3 e5 26. Qh4 Nf4 27. Rxf4 Rf8 28. Rf6 Kg7 29. Ref1 Rc7 30. Rxd6 a5 31. Qf6+ Kh7 32. Qh4+ Kg7 33. c3 a4 34. Bd5 Qa7 35. a3 Re7 36. Qf6+ Kh7 37. Be4 Rg8 38. h4 Rg7 39. h5 Qc7 40. hxg6+ fxg6 41. Qh4+ Kg8 42. Rdf6 Rh7 43. Rxg6+ Reg7 44. Bd5+ Kh8 45. Rf8+ 1-0

[Event "*** Titled Tuesday Blitz"]
[Site "Chess.com"]
[Date "2019.08.06"]
[Round "3"]
[White "VeraNebolsina"]
[Black "Kargan90"]
[Result "1-0"]
[WhiteElo "2383"]
[BlackElo "2524"]
[TimeControl "180+2"]
[EndTime "13:36:00 PDT"]
[Termination "VeraNebolsina won by resignation"]

1. e4 c5 2. Nc3 Nc6 3. Bb5 e6 4. Nf3 Nge7 5. O-O Nd4 6. Bd3 Nec6 7. Nxd4 cxd4 8. Ne2 Bc5 9. c3 a5 10. Bb5 O-O 11.
Qa4 Qb6 12. Bxc6 bxc6 13. cxd4 Bb4 14. d3 Ba6 15. Qc2 d5 16. Be3 a4 17. Rfd1 Rfc8 18.
Rac1 Qa5 19. Nc3 a3 20. b3 h6 21. Na4 Bb5 22. Nc5 Qd8 23. Bd2 Bxc5 24. dxc5 d4 25.
Bf4 Qf6 26. Bd6 e5 27. Qe2 g5 28. Qg4 Re8 29. Rc2 Ra7 30. g3 Kg7 31. f4 exf4 32.
gxf4 Qe6 33. f5 Qd7 34. e5 f6 35. e6 Qb7 36. Qxd4 Qa6 37. Rg2 Qa5 38. h4 1-0

[Event "*** Titled Tuesday Blitz"]
[Site "Chess.com"]
[Date "2019.08.06"]
[Round "3"]
[White "cukus"]
[Black "csati17"]
[Result "0-1"]
[WhiteElo "2393"]
[BlackElo "2499"]
[TimeControl "180+2"]
[EndTime "13:36:00 PDT"]
[Termination "csati17 won by checkmate"]

1. e4 e6 2. d4 d5 3. Nc3 Bb4 4.
e5 Ne7 5. a3 Bxc3+ 6. bxc3 b6 7.
Qg4 Ng6 8. h4 h5 9. Qd1 Qd7 10.
Bg5 Ba6 11. Bxa6 Nxa6 12. Ne2 c5 13. Ng3 cxd4 14. cxd4 Rc8 15. Nxh5 Kf8 16. Nxg7 Kxg7 17. Bf6+ Kf8 18. Bxh8 Nxh8 19. h5 Qa4 20. O-O Rc4 21.
c3 Qc6 22. Qg4 Nc7 23. Qg5 Ne8 24. f4 Ng7 25. h6 Nf5 26. g4 Rxc3 27. gxf5 exf5 28.
Qg7+ Ke7 29. Qxh8 Qg6+ 30. Kh2 Qg3+ 31. Kh1 Qh3+ 32. Kg1 Rg3+ 33. Kf2 Qg2+ 34. Ke1 Re3+ 35. Kd1 Qe2+ 36. Kc1 Rc3+ 37. Kb1 Qc2# 0-1

[Event "*** Titled Tuesday Blitz"]
[Site "Chess.com"]
[Date "2019.08.06"]
[Round "3"]
[White "GuerrieroFromLevant"]
[Black "stoleriu"]
[Result "0-1"]
[WhiteElo "2375"]
[BlackElo "2515"]
[TimeControl "180+2"]
[EndTime "13:36:03 PDT"]
[Termination "stoleriu won by resignation"]

1. e4 e6 2. d4 d5 3. Nd2 Be7 4.
Ngf3 Nf6 5. e5 Nfd7 6. c3 c5 7. Bd3 Nc6 8. O-O g5 9. h3 h5 10.
g4 hxg4 11. hxg4 Qb6 12. Re1 cxd4 13. Nb3 dxc3 14. bxc3 Qc7 15. Qe2 b6 16. Nbd4 Bb7 17. Nb5 Qb8 18. c4 dxc4 19. Be4 Ncxe5 20. Nxg5 Nd3 21.
Bxb7 Qxb7 22. Qe4 Qxe4 23. Rxe4 Nxc1 24. Rxc1 Bxg5 25. f4 Bd8 26. Rexc4 a6 27. Nd6+ Ke7 28. Nc8+ Ke8 29. Nd6+ Kf8 30. f5 Be7 31. fxe6 Bxd6 32. exd7 Ke7 33. Rc8 Kxd7 34. R8c4 Rac8 35. Kg2 Rxc4 36.
Rxc4 Rh2+ 37. Kf3 Rxa2 38. Ke4 Ra3 39. Kf5 Rf3+ 40. Kg5 Be7+ 41. Kh6 b5 42. Rf4 0-1

[Event "*** Titled Tuesday Blitz"]
[Site "Chess.com"]
[Date "2019.08.06"]
[Round "3"]
[White "Eliwood44"]
[Black "ZZWW18"]
[Result "0-1"]
[WhiteElo "2330"]
[BlackElo "2451"]
[TimeControl "180+2"]
[EndTime "13:36:03 PDT"]
[Termination "ZZWW18 won by checkmate"]

1. d4 Nf6 2. Bf4 d5 3. e3 c6 4.
c4 Qb6 5. Qb3 dxc4 6. Bxc4 Qxb3 7.
Bxb3 Bf5 8. Nc3 e6 9. Nf3 Nbd7 10. h3 h6 11. O-O Be7 12. Rfe1 Ne4 13. Nxe4 Bxe4 14.
Nd2 Bg6 15. Nc4 O-O 16. a3 Bd3 17. Na5 Ba6 18. Bd1 Bd8 19. Nb3 Bc4 20. Rc1 Bxb3 21. Bxb3 Bb6 22. Bc4 Rac8 23. b4 a6 24. a4 Bc7 25. Bxc7 Rxc7 26. b5 cxb5 27. axb5 Rfc8 28. bxa6 Rxc4 29. Rxc4 Rxc4 30. axb7 Rb4 31. Rc1 Rxb7 32. Rc8+ Kh7 33. Rd8 Nf6 34. f3 Rb2 35. Kh2 Nd5 36.
Kg1 Nxe3 37. Rd7 Rxg2+ 38. Kh1 Kg6 39. h4 Kh5 40. d5 Kxh4 41. Rxf7 Kh3 42. dxe6 Rf2 43.
Rxg7 Rf1+ 44. Rg1 Rxg1+ 45. Kxg1 Nf5 46. Kf2 Kh4 47. Ke2 Kg5 48. e7 Nxe7 49. Ke3 Nd5+ 50. Ke4 Nf4 51. Ke3 h5 52. Kf2 h4 53. Kg1 h3 54.
Kh2 Kh4 55. Kg1 Kg3 56. Kh1 Ne2 57. f4 h2 58. f5 Kh3 59. f6 Ng3# 0-1

[Event "*** Titled Tuesday Blitz"]
[Site "Chess.com"]
[Date "2019.08.06"]
[Round "3"]
[White "santosalberto1987"]
[Black "Quiet_Desperation"]
[Result "1/2-1/2"]
[WhiteElo "2476"]
[BlackElo "2497"]
[TimeControl "180+2"]
[EndTime "13:36:06 PDT"]
[Termination "Game drawn by agreement"]

1. e4 Nc6 2. Nf3 d6 3. Nc3 Nf6 4. d4 d5 5. exd5 Nxd5 6. Nxd5 Qxd5 7. Be2 Bg4 8. Be3 e6 9. O-O O-O-O 10. c4 Qd6 11. a3 Bxf3 12. Bxf3 Nxd4 13. Bxd4 Qxd4 14. Qa4 Bc5 15. b4 Bb6 16. Rac1 c5 17. Qb5 g5 18. Rfd1 Qe5 19. a4 Rxd1+ 20. Rxd1 Rd8 21. Rxd8+ Kxd8 22. g3 Qe1+ 23. Kg2 Qxb4 24. Bxb7 Qxb5 25. axb5 Ke7 26. f4 gxf4 27. gxf4 Bc7 28. Kf3 f5 29. h3 Kf6 30.
Bc8 e5 31. fxe5+ Kxe5 32. Bd7 f4 33. Be8 Kd4 34. Bf7 h6 35. Bg8 Be5 36. Bf7 Bd6 37. Bg8 Kc3 38. Bf7 Kd2 39. Bg8 Ke1 40. Bf7 Kf1 41.
Bg8 Kg1 42. Be6 Kf1 43. Bf7 Ke1 44. Be6 Kd2 45. Bg8 Kc3 46. Bf7 Kb4 47. Be6 Ka5 48. Bf7 Be5 49. Bg8 Bd6 50. Bf7 Kb6 51. Bg8 a6 52.
bxa6 Kxa6 53. Bf7 Kb6 1/2-1/2

[Event "*** Titled Tuesday Blitz"]
[Site "Chess.com"]
[Date "2019.08.06"]
[Round "3"]
[White "maciek_92"]
[Black "Ginzburg_Yakov"]
[Result "0-1"]
[WhiteElo "2761"]
[BlackElo "2513"]
[TimeControl "180+2"]
[EndTime "13:36:11 PDT"]
[Termination "Ginzburg_Yakov won by resignation"]

1. c4 c6 2. Nf3 d5 3. b3 Nf6 4. Bb2 Bf5 5. g3 e6 6. Bg2 Be7 7. O-O h6 8. d3 O-O 9. Qc2 Nbd7 10.
Nc3 Bh7 11. Rad1 Nc5 12. b4 Na6 13. a3 dxc4 14. e4 cxd3 15. Rxd3 Qc7 16. Nd4 Rad8 17.
Rfd1 Bxb4 18. axb4 Nxb4 19. Qe2 Nxd3 20. Rxd3 e5 21.
Nb3 Rxd3 22. Qxd3 Rd8 23. Qc4 Qd6 24. Qa4 a6 25. h3 Bg6 26. Qa5 Kh7 27. Nc5 Qd2 28.
Qb4 Rd4 29. Qxb7 Qe1+ 30. Bf1 Rd2 31. Ne2 Rxe2 32. Nd3 Qb1 33. Qb3 Bxe4 34. Qc3 0-1

[Event "*** Titled Tuesday Blitz"]
[Site "Chess.com"]
[Date "2019.08.06"]
[Round "3"]
[White "DACF2905"]
[Black "Mbneu"]
[Result "0-1"]
[WhiteElo "2203"]
[BlackElo "2284"]
[TimeControl "180+2"]
[EndTime "13:36:11 PDT"]
[Termination "Mbneu won by resignation"]

1. e4 c5 2. Nf3 Nf6 3. Nc3 d5 4. exd5 Nxd5 5. Bc4 Nb6 6. Be2 Nc6 7. O-O e5 8. Bb5 f6 9. Re1 Be7 10. Bxc6+ bxc6 11. Nxe5 fxe5 12. Qh5+ Kf8 13. Qf3+ Bf6 14. Qxc6 Kf7 15.
Qxc5 Rf8 16. d3 Kg8 17. Be3 Bb7 18. a4 Rc8 19. Qa5 Nd5 20. Nxd5 Qxd5 21. Qxd5+ Bxd5 22. Bxa7 Rxc2 23. b4 e4 24. Rad1 exd3 25. Rxd3 Bc4 26. Rf3 Bc3 27. Rxf8+ Kxf8 28. Bc5+ Kf7 29. Re7+ Kf6 30.
g3 Bd5 31. Kf1 Bf3 32. Re1 Bxe1 33. Kxe1 Re2+ 34. Kf1 Rd2 0-1